Map: Waterfall

Players

MattBarry

  • Race: Zerg Zerg
  • League: Gold
  • Spawn Location: 7:00

jvroblero - Winner!

  • Race: Terran Terran
  • League: Gold
  • Spawn Location: 1:00

VOD

Have the link to the VOD?

Description

Time

  • Played on: Jan. 21, 2023, 11:14 p.m.
  • Length: 34:51
Show
View Real Time Build Order
Export as new Build Order

MattBarry Zerg 

Build Orders: Hatch First 

Get SALT Encoding   

  12  0:00  Drone  
  13  0:08  Drone  
  14  0:20  Extractor  
  13  0:23  Extractor  
  13  0:26  Drone  
  13  0:35  Drone  
  15  0:42  Evolution Chamber  
  15  0:48  Overlord  
  14  0:54  Drone, Extractor  
  15  1:09  Hatchery  
  14  1:15  Drone  
  15  1:27  Drone x2  
  17  1:41  Spawning Pool  
  16  1:55  Drone x2  
  16  1:56  Drone  
  19  2:28  Zergling x2  
  20  2:30  Queen x2  
  24  2:41  Spine Crawler  
  23  2:45  Zergling x6  
  23  2:46  Zergling x2  
  23  2:49  Drone  
  28  2:53  Overlord  
  27  3:16  Zergling x8  
  29  3:29  Drone x3  
  29  3:43  Drone x2  
  29  3:48  Queen  
  31  3:53  Extractor  
  32  4:06  Drone x2  
  32  4:07  Drone x2  
  32  4:09  Overlord x2  
  36  4:13  Metabolic Boost  
  36  4:30  Drone x4  
  40  4:31  Drone  
  40  4:33  Overlord  
  40  4:37  Zerg Melee Weapons Level 1  
  41  4:39  Drone  
  42  4:54  Drone  
  42  4:55  Drone x3  
  42  4:58  Roach Warren  
  45  5:04  Drone  
  45  5:05  Drone  
  47  5:11  Overlord  
  43  5:19  Drone x2  
  43  5:20  Drone x6  
  50  5:29  Extractor  
  49  5:39  Roach, Hatchery  
  49  5:40  Roach x2  
  49  5:42  Roach  
  56  5:52  Extractor  
  56  5:55  Evolution Chamber  
  56  5:56  Lair  
  48  6:47  Roach x4  
  48  6:48  Roach x7  
  48  6:52  Spore Crawler  
  67  6:55  Spore Crawler  
  67  6:56  Drone x3  
  67  6:57  Drone  
  67  6:59  Queen  
  72  7:10  Zerg Missile Weapons Level 1  
  72  7:13  Glial Reconstitution  
  72  7:16  Queen  
  72  7:21  Overlord x2  
  71  7:41  Zergling x2  
  71  7:42  Zergling x18  
  79  7:46  Ravager x2  
  79  7:47  Ravager x3  
  84  8:00  Zergling x4  
  68  8:17  Roach x3  
  68  8:18  Roach  
  75  8:23  Roach  
  75  8:25  Roach x6  
  89  8:34  Spire  
  87  8:56  Ravager x2  
  87  8:58  Hatchery, Overlord  
  88  9:21  Zergling x2  
  88  9:22  Zergling x4  
  88  9:23  Zergling x4, Drone  
  88  9:24  Drone x3, Overlord  
  97  9:45  Spore Crawler, Overseer  
  96  9:46  Overseer  
  57  10:15  Mutalisk  
  57  10:16  Mutalisk x6  
  71  10:25  Overlord x3  
  71  10:41  Drone  
  71  10:42  Drone x8  
  78  10:45  Drone  
  79  10:59  Drone x2  
  79  11:00  Drone x3  
  69  11:22  Mutalisk x5  
  69  11:23  Mutalisk  
  81  11:34  Mutalisk, Roach  
  85  11:55  Drone  
  85  11:56  Drone x8  
  92  12:12  Mutalisk x3  
  94  12:24  Mutalisk  
  96  12:31  Extractor  
  96  12:33  Extractor  
  92  12:37  Mutalisk x2  
  94  12:50  Infestation Pit  
  93  12:52  Roach  
  93  12:53  Roach  
  93  12:54  Zergling x10  
  93  12:55  Zergling x14  
  102  13:14  Overseer  
  102  13:19  Overseer  
  95  13:44  Drone x3  
  95  13:45  Queen x2, Drone  
  95  13:46  Queen x2  
  107  13:49  Spore Crawler  
  107  13:50  Spore Crawler  
  107  13:52  Drone x5  
  107  13:53  Roach  
  107  13:54  Spore Crawler, Overlord x2  
  104  14:20  Queen  
  99  14:28  Roach x2  
  99  14:29  Roach x10  
  118  14:35  Zerg Ground Armor Level 1  
  118  14:37  Zerg Flyer Weapons Level 1  
  119  14:45  Ravager  
  119  14:50  Infestation Pit  
  118  14:56  Extractor  
  117  15:04  Hydralisk Den  
  117  15:06  Hydralisk Den  
  115  15:19  Hatchery  
  114  15:28  Hatchery  
  113  15:39  Overlord x2  
  113  15:40  Overlord  
  113  15:58  Overlord x2  
  113  15:59  Infestor x3  
  113  16:00  Infestor  
  113  16:03  Grooved Spines  
  121  16:07  Muscular Augments  
  119  16:35  Hive  
  119  16:38  Zerg Melee Weapons Level 2  
  107  16:49  Pathogen Glands  
  101  16:57  Mutalisk x3  
  101  17:00  Extractor  
  75  17:30  Infestor  
  75  17:31  Roach x12  
  75  17:32  Roach x14  
  127  17:49  Greater Spire  
  127  17:57  Overseer  
  127  17:58  Overseer x2  
  127  18:02  Ravager  
  128  18:08  Drone x3  
  131  18:14  Extractor  
  131  18:15  Extractor  
  114  18:44  Corruptor  
  114  18:45  Corruptor x3  
  120  18:54  Zerg Missile Weapons Level 2  
  120  19:01  Drone  
  120  19:02  Drone x2  
  123  19:03  Queen  
  125  19:14  Corruptor x2  
  125  19:15  Corruptor x2  
  133  19:22  Zergling x2  
  133  19:23  Zergling x22  
  145  19:28  Drone  
  145  19:29  Drone  
  145  19:33  Evolution Chamber  
  144  19:39  Spore Crawler  
  144  19:42  Drone  
  144  19:43  Drone  
  135  20:10  Hatchery  
  92  20:35  Corruptor x2  
  92  20:36  Corruptor  
  92  20:40  Ravager x2  
  92  20:41  Ravager x6  
  105  21:04  Overseer x2  
  105  21:11  Brood Lord  
  99  21:37  Extractor  
  98  21:42  Drone x2  
  98  21:45  Queen  
  102  21:53  Drone x5  
  102  21:54  Drone  
  98  22:05  Brood Lord  
  100  22:20  Queen  
  102  22:28  Hatchery  
  101  22:34  Corruptor x2  
  105  22:41  Brood Lord  
  107  22:48  Brood Lord  
  109  23:00  Drone x4  
  115  23:12  Brood Lord  
  115  23:14  Brood Lord  
  117  23:24  Corruptor  
  119  23:31  Queen  
  119  23:34  Queen  
  123  24:01  Corruptor x4  
  123  24:02  Corruptor  
  108  24:52  Corruptor x7  
  95  25:37  Zergling x2  
  95  25:38  Zergling x16  
  98  25:54  Brood Lord  
  94  26:03  Zergling x4  
  94  26:04  Zergling x2  
  74  27:15  Zergling x22  
  55  27:42  Drone  
  55  27:43  Drone  
  4  29:08  Drone  
  4  29:35  Drone  
Show
View Real Time Build Order
Export as new Build Order

jvroblero Terran - Winner!

Build Orders:  

Get SALT Encoding   

  12  0:01  SCV  
  13  0:13  SCV  
  14  0:19  Supply Depot  
  14  0:25  SCV  
  15  0:30  Refinery  
  15  0:43  Barracks  
  15  0:46  SCV  
  16  0:58  SCV  
  17  1:08  Barracks  
  17  1:10  SCV  
  18  1:22  SCV  
  19  1:31  Bunker  
  19  1:33  Marine  
  19  1:38  Orbital Command  
  20  1:47  Supply Depot  
  19  2:05  Reaper x2  
  21  2:10  SCV  
  22  2:21  Refinery  
  22  2:23  SCV  
  23  2:35  SCV  
  24  2:40  Factory  
  24  2:47  SCV  
  24  2:50  Command Center  
  25  2:53  Supply Depot  
  25  2:59  SCV  
  26  3:13  SCV  
  27  3:23  Engineering Bay  
  27  3:25  SCV  
  27  3:26  Starport  
  28  3:27  Widow Mine  
  30  3:37  SCV  
  30  3:45  Barracks Reactor  
  30  3:49  Widow Mine  
  32  4:02  Supply Depot  
  32  4:09  Marine  
  32  4:27  Marine x3  
  32  4:30  Orbital Command  
  35  4:33  SCV  
  36  4:44  Marine  
  36  4:45  Marine x2, SCV  
  40  4:49  Factory Tech Lab  
  40  4:52  Liberator  
  42  4:55  Bunker  
  42  4:57  SCV  
  42  4:59  SCV  
  44  5:03  Barracks Tech Lab  
  44  5:05  Marine  
  44  5:06  Marine  
  46  5:09  SCV  
  46  5:11  SCV  
  48  5:21  SCV  
  48  5:23  Marine x2, SCV  
  52  5:33  SCV  
  52  5:34  Refinery  
  52  5:35  SCV, Refinery  
  54  5:37  Siege Tank  
  54  5:42  Command Center  
  57  5:45  SCV  
  57  5:47  SCV  
  57  5:49  Supply Depot  
  59  5:57  SCV  
  59  5:59  SCV  
  61  6:07  Marine  
  61  6:10  Marine x2, SCV  
  65  6:11  SCV  
  65  6:15  Supply Depot  
  66  6:22  SCV  
  66  6:23  SCV  
  66  6:25  Marine  
  69  6:28  Marine  
  70  6:37  Marine, SCV x2  
  70  6:38  Supply Depot, Starport Tech Lab  
  73  6:43  Marine  
  73  6:46  Marine  
  72  6:49  SCV x2  
  72  6:52  Missile Turret  
  74  6:55  Marine  
  74  6:57  Banshee  
  74  6:59  Cloaking Field  
  74  7:00  Marine  
  74  7:01  Widow Mine, SCV x2  
  81  7:03  Combat Shield  
  81  7:04  Marine  
  84  7:12  Marine  
  84  7:13  Missile Turret, SCV x2  
  84  7:14  Supply Depot  
  87  7:17  Terran Infantry Weapons Level 1  
  87  7:22  Widow Mine  
  89  7:25  SCV  
  89  7:28  Missile Turret  
  88  7:40  Banshee  
  88  7:42  Bunker  
  88  7:44  Widow Mine  
  86  7:50  Planetary Fortress  
  84  8:05  Siege Tank  
  82  8:26  Marine x3  
  85  8:35  Factory  
  85  8:37  Siege Tank  
  88  8:43  Missile Turret, SCV  
  88  8:44  Marine x3  
  91  8:51  Banshee  
  91  8:52  Corvid Reactor, Refinery  
  91  8:55  SCV, Stimpack  
  93  9:02  Marine x3  
  96  9:07  SCV  
  96  9:09  Siege Tank  
  100  9:13  Refinery  
  100  9:19  Marine, SCV  
  100  9:20  Marine x2  
  104  9:25  Starport, Factory Tech Lab  
  104  9:31  SCV  
  104  9:34  Banshee  
  104  9:37  Marine  
  109  9:44  Command Center  
  109  9:45  Supply Depot  
  109  9:48  Widow Mine, Marine x2, SCV x2  
  115  9:55  Marine  
  114  10:00  SCV x2  
  114  10:05  Marine  
  114  10:06  Marauder  
  116  10:10  Widow Mine  
  116  10:12  SCV x2  
  116  10:13  Marine  
  118  10:16  Banshee  
  121  10:23  Marine  
  121  10:24  SCV x2  
  124  10:29  Command Center  
  124  10:31  Marine  
  124  10:32  Supply Depot  
  124  10:33  Terran Infantry Armor Level 1  
  125  10:41  Widow Mine, Marine, Marauder  
  125  10:42  Widow Mine  
  124  10:45  Starport Tech Lab  
  124  10:49  Starport, Marine  
  125  10:54  Supply Depot  
  125  10:56  Armory  
  125  10:59  Marine  
  125  11:02  Marine  
  125  11:03  Widow Mine x2  
  131  11:06  Marine  
  130  11:17  Marine  
  126  11:20  Marauder  
  124  11:36  Starport Tech Lab  
  124  11:39  Missile Turret, Marine x2  
  121  11:41  Marauder  
  121  11:43  Viking  
  124  11:53  Planetary Fortress  
  121  11:57  Marine x2  
  122  12:02  Marine  
  122  12:04  Viking  
  122  12:05  Viking  
  127  12:13  Viking  
  127  12:15  Marine x2  
  127  12:20  Marine  
  113  12:30  Widow Mine  
  113  12:31  Widow Mine  
  113  12:32  Marine  
  113  12:33  Marine  
  113  12:34  Viking  
  113  12:36  SCV x2  
  118  12:38  Marine  
  118  12:42  Viking  
  118  12:48  SCV  
  118  12:50  Marine x2  
  118  12:51  Missile Turret  
  121  12:52  Widow Mine x2  
  121  12:54  SCV  
  121  12:56  Marine  
  126  13:00  SCV  
  123  13:06  SCV  
  123  13:08  Marine x2  
  127  13:12  Viking, SCV  
  127  13:13  Widow Mine  
  127  13:14  Marine  
  126  13:36  Missile Turret x2  
  126  13:40  Marine x3  
  129  13:42  Viking  
  129  13:48  SCV  
  132  13:50  Missile Turret  
  126  13:57  Marine  
  126  13:58  Marine x2  
  129  14:07  Missile Turret  
  129  14:15  Marine x3  
  127  14:33  Widow Mine x2, Marine x3  
  127  14:34  Missile Turret  
  134  14:51  Marine x3  
  137  14:54  Widow Mine x2  
  141  15:05  SCV  
  142  15:09  Marine x3  
  145  15:16  Widow Mine x2  
  145  15:17  SCV  
  145  15:19  SCV x2  
  152  15:26  Missile Turret, Marine  
  152  15:27  Marine x2  
  155  15:29  SCV  
  155  15:31  SCV x2  
  155  15:34  Missile Turret  
  155  15:35  Missile Turret  
  158  15:37  Widow Mine x2  
  158  15:41  SCV  
  163  15:43  SCV x2  
  163  15:44  Marine x2  
  163  15:45  Marine  
  168  15:53  SCV  
  168  15:54  Command Center  
  168  15:55  SCV x2  
  171  16:03  Armory  
  171  16:07  Supply Depot  
  171  16:11  Fusion Core  
  171  16:18  SCV x2  
  171  16:28  Missile Turret  
  171  16:29  Widow Mine x2, SCV  
  171  16:30  SCV x2  
  171  16:41  SCV  
  170  16:49  Marine x3  
  170  16:51  Widow Mine  
  169  17:07  Marine x3  
  172  17:11  Refinery  
  164  17:25  Marine x3  
  164  17:34  Planetary Fortress  
  164  17:41  Missile Turret  
  164  17:42  Marine  
  164  17:43  Marine x2  
  167  17:52  Refinery  
  167  18:01  Marine  
  168  18:06  Missile Turret  
  168  18:08  Terran Vehicle And Ship Armor Level 1  
  168  18:13  Supply Depot  
  168  18:16  Ghost Academy  
  146  18:53  SCV  
  146  18:55  Command Center  
  147  19:00  Refinery  
  147  19:04  Refinery  
  147  19:05  SCV  
  148  19:17  SCV  
  148  19:18  Marine x2, Marauder  
  148  19:23  Weapon Refit  
  153  19:25  Terran Infantry Weapons Level 2  
  153  19:30  SCV  
  154  19:36  Marine x2  
  154  19:39  Marauder  
  154  19:42  SCV  
  157  19:54  Marine x2  
  159  20:00  Marauder  
  159  20:03  Terran Vehicle Weapons Level 1  
  151  20:11  Marine  
  151  20:12  Marine  
  144  20:22  Marauder  
  144  20:23  Thor x2  
  157  20:29  Marine x2  
  157  20:43  Marine, Battlecruiser x2  
  157  20:47  Marine x2  
  172  21:00  Marine  
  173  21:05  Marine x2  
  173  21:06  Thor x2  
  173  21:10  Planetary Fortress  
  187  21:14  Command Center  
  187  21:18  Marine  
  180  21:35  Marine x2  
  180  21:36  Marine  
  183  21:40  Terran Infantry Armor Level 2  
  183  21:46  Missile Turret  
  183  21:47  Battlecruiser x2  
  183  21:49  Missile Turret  
  183  21:50  Missile Turret  
  183  21:52  Missile Turret, Marine  
  183  21:53  Marine  
  197  21:54  Marine  
  197  21:57  Terran Ship Weapons Level 1, Refinery  
  197  21:59  Refinery  
  181  22:10  Missile Turret, Marine x2  
  181  22:12  Marine  
  181  22:15  Missile Turret  
  183  22:19  Missile Turret  
  183  22:20  Missile Turret  
  183  22:26  Thor x2  
  183  22:28  Marine x2  
  197  22:30  Marine  
  198  22:42  Planetary Fortress  
  198  22:45  Missile Turret  
  198  23:06  Missile Turret  
  198  23:08  Missile Turret x2  
  197  23:29  Missile Turret  
  197  23:52  Ghost Academy  
  196  24:11  Missile Turret  
  169  25:27  Marine x2  
  169  25:28  Marine  
  160  25:45  Marine x3  
  163  26:03  Marine x3  
  162  26:21  Marine x3  
  165  26:26  Command Center  
  165  26:30  Thor x2  
  177  26:35  Terran Infantry Weapons Level 3  
  177  26:36  Terran Vehicle Weapons Level 2  
  177  26:39  Marine, Nuke  
  178  26:41  Terran Vehicle And Ship Armor Level 2  
  178  26:43  Rapid Reignition System  
  169  27:13  Thor x2  
  181  27:21  Personal Cloaking  
  180  27:32  Marine  
  180  27:33  Marine x2  
  182  27:39  Planetary Fortress  
  182  27:40  Advanced Ballistics  
  182  27:42  Missile Turret  
  177  27:45  Missile Turret, Battlecruiser  
  177  27:46  Battlecruiser  
  177  27:50  Marine x3  
  191  27:56  Thor  
  197  27:59  Nuke  
  197  28:08  Marine x3  
  197  28:10  Missile Turret  
  200  28:14  Missile Turret  
  200  28:20  Missile Turret  
  188  28:39  Thor  
  194  28:47  Enhanced Shockwaves  
  194  28:50  Battlecruiser  
  200  28:56  Missile Turret  
  200  28:57  Terran Ship Weapons Level 2  
  200  29:04  Missile Turret  
  200  29:12  Terran Infantry Armor Level 3  
  200  29:21  Missile Turret  
  200  29:35  Command Center  
  200  30:12  Command Center  
  200  30:14  Command Center  
  199  30:42  Missile Turret  
  199  30:49  Planetary Fortress  
  199  30:52  Command Center  
  198  31:21  Terran Vehicle Weapons Level 3  
  198  31:23  Missile Turret  
  198  31:25  Terran Vehicle And Ship Armor Level 3  
  198  31:28  Ghost  
  200  32:01  Planetary Fortress  
  200  32:06  Command Center  
  200  32:24  Missile Turret  
  200  32:30  Refinery  
  200  32:32  Refinery  
  200  32:34  Planetary Fortress  
  200  32:39  Command Center  
  200  33:07  Planetary Fortress  
  200  33:09  Missile Turret  
  200  33:45  Command Center  
  200  33:51  Nuke  
  200  33:55  Nuke  
  200  34:12  Planetary Fortress  
  200  34:19  Missile Turret  
  200  34:32  Missile Turret  
Tags
 
League
GoldGold
Matchup
TvZ
Replay Pack
Multiplayer
Spawn Locations
Cross Positions
Add a new tag
Caveats
  • Supply blocks, unpowered buildings, or Contaminate may cause inaccurate times.
  • Supply counts are checked every 10 seconds.